Map: Acid Plant LE

Players

RiSky

  • Race: Zerg Zerg
  • Spawn Location: 5:00

NoRegreT - Winner!

  • Race: Zerg Zerg
  • Spawn Location: 11:00

Event: IEM Season 12 - Katowice

VOD

Have the link to the VOD?

Description

Time

  • Played on: Feb. 27, 2018, 4:59 a.m.
  • Length: 7:55

All games in this series

Show
View Real Time Build Order
Export as new Build Order

RiSky Zerg 

Build Orders: Hatch First, Zergling Baneling 

Get SALT Encoding   

  12  0:00  Drone  
  13  0:12  Overlord  
  13  0:17  Drone  
  14  0:30  Drone x2  
  14  0:33  Drone  
  17  0:50  Hatchery  
  17  0:54  Drone  
  17  0:57  Drone  
  17  1:03  Extractor  
  17  1:13  Spawning Pool  
  17  1:17  Drone  
  17  1:19  Drone  
  18  1:27  Drone  
  19  1:38  Overlord  
  19  2:00  Queen, Zergling x4  
  23  2:01  Queen  
  23  2:02  Zergling x2  
  23  2:06  Metabolic Boost  
  26  2:11  Drone  
  27  2:16  Drone  
  27  2:21  Drone  
  29  2:25  Drone  
  30  2:32  Drone  
  31  2:40  Hatchery  
  31  2:43  Overlord  
  30  2:47  Drone  
  31  2:55  Baneling Nest  
  31  2:56  Drone  
  31  3:02  Drone  
  31  3:03  Overlord  
  32  3:09  Drone x2  
  32  3:12  Drone x2  
  36  3:15  Drone  
  36  3:16  Zergling x2  
  36  3:19  Zergling x2  
  39  3:22  Zergling x2  
  39  3:24  Zergling x2  
  41  3:27  Zergling x2  
  41  3:28  Zergling x2  
  41  3:31  Zergling x2  
  44  3:38  Zergling x2  
  44  3:39  Zergling x4  
  47  3:41  Baneling x2  
  47  3:46  Zergling x6  
  50  3:50  Zergling x2  
  50  3:51  Zergling x2  
  50  3:57  Overlord  
  49  4:03  Overlord  
  49  4:04  Drone x2  
  49  4:06  Overlord  
  49  4:09  Baneling x2  
  50  4:11  Drone  
  50  4:13  Overlord  
  51  4:18  Overlord  
  51  4:25  Overlord  
  51  4:27  Overlord  
  51  4:28  Baneling x3  
  47  4:37  Hatchery  
  46  4:39  Baneling x3  
  46  4:41  Drone  
  47  4:49  Queen  
  47  4:51  Drone x2  
  49  4:55  Evolution Chamber  
  48  5:01  Drone  
  49  5:09  Drone  
  49  5:10  Drone  
  49  5:11  Drone  
  50  5:19  Drone  
  50  5:22  Zerg Missile Weapons Level 1  
  50  5:23  Overlord  
  50  5:24  Extractor  
  50  5:25  Drone, Roach Warren  
  50  5:26  Queen  
  50  5:31  Baneling  
  50  5:32  Zergling x2  
  50  5:33  Zergling x8  
  55  5:42  Zergling x2  
  52  5:46  Zergling x6  
  52  5:47  Queen  
  56  5:53  Baneling  
  56  5:54  Zergling x6  
  58  6:01  Zergling x10  
  58  6:02  Baneling x2  
  46  6:12  Zergling x2  
  42  6:19  Baneling x2  
  42  6:20  Queen  
  42  6:23  Baneling  
  42  6:24  Baneling  
  44  6:32  Zergling x4  
  42  6:36  Queen  
  39  6:42  Zergling x2  
  38  6:51  Zergling x2  
  38  6:52  Baneling  
  38  6:53  Zergling x4  
  36  6:54  Zergling x2  
  36  6:57  Zergling x2  
  36  7:01  Zergling x4  
  38  7:02  Baneling  
  38  7:06  Zergling x2  
  37  7:10  Baneling x2  
  37  7:11  Drone  
  38  7:18  Zergling x6  
  37  7:25  Zergling x6  
  38  7:31  Baneling x2  
  37  7:38  Zergling x6  
Show
View Real Time Build Order
Export as new Build Order

NoRegreT Zerg - Winner!

Build Orders: Hatch First, Zergling Baneling 

Get SALT Encoding   

  12  0:01  Drone  
  13  0:12  Overlord  
  13  0:17  Drone  
  14  0:31  Drone x2  
  16  0:35  Drone  
  17  0:53  Hatchery  
  17  0:56  Drone  
  17  0:58  Extractor  
  16  1:12  Spawning Pool  
  16  1:14  Drone  
  16  1:17  Drone  
  17  1:22  Drone  
  18  1:28  Drone  
  19  1:38  Overlord  
  19  1:50  Drone  
  20  1:59  Queen  
  20  2:00  Zergling x2  
  23  2:03  Metabolic Boost  
  23  2:07  Queen  
  25  2:11  Drone  
  25  2:15  Drone  
  27  2:16  Drone  
  28  2:23  Drone  
  28  2:27  Drone  
  30  2:37  Baneling Nest  
  30  2:38  Zergling x4  
  31  2:44  Zergling x2  
  31  2:48  Zergling x2  
  33  2:59  Zergling x2  
  34  3:06  Zergling x4  
  34  3:09  Overlord  
  34  3:10  Hatchery  
  34  3:12  Zergling x2  
  36  3:20  Overlord  
  36  3:28  Zergling x4  
  36  3:29  Zergling x6  
  36  3:30  Zergling x2  
  36  3:32  Baneling  
  36  3:33  Baneling  
  36  3:34  Baneling  
  42  3:36  Baneling x2  
  42  3:40  Zergling x2  
  43  3:43  Zergling x2  
  43  3:45  Zergling x2  
  45  3:53  Zergling x6  
  47  3:57  Zergling x4  
  47  3:59  Baneling  
  47  4:00  Baneling  
  48  4:10  Baneling x2  
  48  4:11  Drone x3  
  48  4:14  Zergling x2  
  48  4:16  Baneling  
  35  4:32  Zergling x8  
  35  4:33  Zergling x2  
  35  4:38  Baneling x2  
  39  4:40  Zergling x4  
  39  4:41  Zergling x2  
  39  4:42  Zergling x2  
  39  4:45  Zergling x2  
  44  4:46  Zergling x2  
  44  4:47  Zergling x2  
  44  4:48  Zergling x2  
  44  4:51  Zergling x2  
  44  4:52  Zergling x2  
  48  4:56  Zergling x2  
  48  4:57  Zergling x2  
  50  5:02  Baneling x3  
  50  5:03  Zergling x2  
  50  5:12  Zergling x2  
  50  5:13  Baneling  
  49  5:21  Zergling x2  
  46  5:25  Zergling x4  
  46  5:27  Zergling x4  
  49  5:32  Baneling x2  
  49  5:33  Zergling x2  
  49  5:34  Zergling x2  
  49  5:35  Zergling x2  
  52  5:41  Zergling x2  
  52  5:42  Zergling x2  
  51  5:46  Baneling, Zergling x2  
  51  5:48  Zergling x4  
  53  5:50  Zergling x4  
  53  5:56  Zergling x2  
  56  6:02  Zergling x2  
  53  6:08  Zergling x4  
  53  6:09  Baneling x3  
  53  6:10  Zergling x2  
  50  6:11  Zergling x2  
  50  6:16  Zergling x2  
  46  6:20  Zergling x2  
  46  6:21  Queen  
  46  6:22  Zergling x2  
  50  6:29  Zergling x2  
  50  6:30  Baneling x2  
  50  6:31  Zergling x2  
  49  6:32  Zergling x2  
  49  6:37  Zergling x2  
  46  6:43  Zergling x4  
  44  6:48  Zergling x2  
  44  6:51  Baneling, Zergling x2  
  44  6:53  Zergling x4  
  47  6:54  Zergling x4  
  47  6:55  Zergling x6  
  50  7:02  Zergling x2  
  50  7:03  Baneling  
  49  7:10  Zergling x4  
  49  7:13  Zergling x2  
  49  7:14  Zergling x2  
  52  7:16  Zergling x2  
  51  7:25  Zergling x4  
  51  7:27  Zergling x2  
  51  7:29  Baneling  
  50  7:30  Baneling x2  
  50  7:34  Zergling x2  
  50  7:35  Zergling x2  
  51  7:37  Zergling x8  

Tags
 
Add a new tag
Caveats
  • Supply blocks, unpowered buildings, or Contaminate may cause inaccurate times.
  • Supply counts are checked every 10 seconds.